 Dungeon Crawl Stone Soup version 0.25.0-1-g7eea58d (webtiles) character file.

Game seed: 6082653998665447787

11 AmonKazuya the Skirmisher (level 2, -10/24 HPs)
             Began as a Demonspawn Monk on June 26, 2020.
             Mangled by a kobold
             ... wielding a +1 whip of electrocution
              (14 damage)
             ... on level 1 of the Dungeon.
             The game lasted 00:02:42 (526 turns).

AmonKazuya the Skirmisher (Demonspawn Monk)          Turns: 526, Time: 00:02:43

Health: -10/24     AC: 10    Str: 11    XL:     2   Next: 13%
Magic:  2/2        EV:  7    Int: 11    God:
Gold:   48         SH:  0    Dex: 15    Spells: 1/1 levels left

rFire    . . .     SeeInvis .   g - +0 spear (flame)
rCold    . . .     Gourm    .   (no shield)
rNeg     . . .     Faith    .   d - +0 plate armour
rPois    .         Spirit   .   (no helmet)
rElec    .         Reflect  .   (no cloak)
rCorr    .         Harm     .   (no gloves)
MR       .....                  (no boots)
Stlth    ..........             (no amulet)
HPRegen  0.08/turn              (no ring)
MPRegen  0.08/turn              (no ring)

@: agile
A: powered by pain 1
a: no special abilities


You were on level 1 of the Dungeon.
You were not hungry.

You visited 1 branch of the dungeon, and saw 1 of its levels.

You collected 48 gold pieces.

Inventory:

Hand Weapons
 a - a +0 falchion
 g - a +0 spear of flaming (weapon)
Armour
 b - a +0 robe
 d - a +0 plate armour (worn)
Scrolls
 h - a scroll of enchant armour {unknown}
Potions
 e - a potion of brilliance {unknown}
Comestibles
 c - 4 rations
 f - 5 chunks of flesh


   Skills:
 + Level 3.1 Fighting
 + Level 2.9 Long Blades
 * Level 0.4 Armour
 + Level 2.8 Dodging
 + Level 1.9 Stealth


You had one spell level left.
You didn't know any spells.
Your spell library was empty.

Dungeon Overview and Level Annotations

Branches:
Dungeon (1/15)

Altars:


Innate Abilities, Weirdness & Mutations

You sometimes gain a little power by taking damage.


Message History

Found a dagger.
A kobold comes into view.
It is wielding a +1 whip of electrocution.
The kobold shouts!
The kobold throws a stone.
The stone hits you but does no damage.
You see here a stone.
Your plate armour prevents you from hitting the kobold.
The kobold hits you but does no damage.
Your plate armour prevents you from hitting the kobold.
The kobold hits you but does no damage.
You closely miss the kobold. The kobold barely misses you.
The kobold hits you with a +1 whip of electrocution.
You are electrocuted!!
Ouch! That really hurt!
* * * LOW HITPOINT WARNING * * *
You focus on the pain.
You feel agile all of a sudden.
You miss the kobold. The kobold hits you but does no damage.
You are electrocuted!
Ouch! That really hurt!
You die...

#.......................>###÷.#..
..............................#..
#.#......##.#..#.##.#.#.####..#..
#.#.##.#.##.#..#.##.#...####..#..
#.#.........................).#..
.........##.#.##.##.#...####÷÷#..
....####.##.#.##.##.# #.# #.....
#.### #.##.#.##K# # #..#.. #
#.##.#.##@##..)# #.##..
#.......(........ #.##..
#.##.#.##.##.#.#. #.##.#
........#.... .. .....
###.####.##.#.# ## #.## #.#
#.##.#.# ### ####.# # #.. ##


You could see a kobold.

Vanquished Creatures
  A giant cockroach (D:1)
  A goblin (D:1)
  3 hobgoblins (D:1)
  2 kobolds (D:1)
  A bat (D:1)
  2 rats (D:1)
10 creatures vanquished.

Notes
Turn   | Place    | Note
-------+----------+-------------------------------------------
     0 | D:1      | AmonKazuya the Demonspawn Monk began the quest for the Orb.
     0 | D:1      | Reached XP level 1. HP: 18/18 MP: 1/1
     2 | D:1      | Noticed a felid
     2 | D:1      | Noticed a halfling
     4 | D:1      | Noticed a demonspawn
     6 | D:1      | Noticed a spriggan
     6 | D:1      | Noticed a draconian
     8 | D:1      | Noticed a formicid
     8 | D:1      | Noticed a troll
    10 | D:1      | Noticed a minotaur
    10 | D:1      | Noticed an octopode
    12 | D:1      | Noticed a naga
    12 | D:1      | Noticed a tengu
    14 | D:1      | Noticed a human
    14 | D:1      | Noticed an ogre
    16 | D:1      | Noticed a dwarf
    16 | D:1      | Noticed a merfolk
    18 | D:1      | Noticed a vine stalker
    20 | D:1      | Noticed a ghoul
    20 | D:1      | Noticed a vampire
    22 | D:1      | Noticed a demigod
    24 | D:1      | Noticed a gargoyle
    26 | D:1      | Noticed a centaur
    26 | D:1      | Noticed an elf
   315 | D:1      | Gained mutation: You sometimes gain a little power by
                  | taking damage. [demonic ancestry]
   315 | D:1      | Reached XP level 2. HP: 24/24 MP: 2/2
   526 | D:1      | Mangled by a kobold

Illustrated notes

Levels and vault maps discovered:
D:1:      kb_arrival_jail, layout_basic, minmay_crystal_water

Action                   || total
-------------------------++-------
Melee: Falchion          ||    23
       Spear             ||    16
  Use: Potion            ||     2
 Stab: Sleeping          ||     2
Armor: Plate armour      ||    32
       Robe              ||     2
Dodge: Dodged            ||    13
       Rpst.: Falchion   ||     2
